 Dungeon Crawl Stone Soup version 0.22-b1-59-g0aedee734a (webtiles) character file.

357 MrSplat the Sneak (level 6, -2/49 HPs)
             Began as a Naga Enchanter on Aug 9, 2018.
             Slain by a two-headed ogre
             ... wielding a +0 giant club
              (11 damage)
             ... on level 3 of the Dungeon.
             The game lasted 00:15:56 (3007 turns).

MrSplat the Sneak (Naga Enchanter)                  Turns: 3007, Time: 00:15:57

Health: -2/49      AC:  5    Str: 11    XL:     6   Next: 64%
Magic:  0/9        EV:  8    Int: 17    God:
Gold:   163        SH:  0    Dex: 11    Spells: 0/9 levels left

rFire    . . .     SeeInvis +   a - +1 dagger (drain)
rCold    . . .     Gourm    .   (no shield)
rNeg     . . .     Faith    .   m - +0 ring mail (curse)
rPois    +         Spirit   .   (no helmet)
rElec    .         Reflect  .   (no cloak)
rCorr    .         Harm     .   B - +0 pair of gloves
MR       .....                  (no barding)
Stlth    +++.......             (no amulet)
HPRegen  0.16/turn              (no ring)
MPRegen  0.11/turn              (no ring)

@: very slightly contaminated, very slow
A: large, see invisible, deformed body, poison resistance, slowness 2, slow
metabolism 1, spit poison 1, AC +2
a: Spit Poison


You were on level 3 of the Dungeon.
You were not hungry.

You visited 1 branch of the dungeon, and saw 3 of its levels.
You also visited: Sewer.

You collected 163 gold pieces.


Innate Abilities, Weirdness & Mutations

You cannot wear boots.
Your serpentine skin is tough. (AC +2)
You have supernaturally acute eyesight. (SInv)
Armour fits poorly on your strangely shaped body.
Your system is resistant to poisons. (rPois)
You cover ground very slowly.
You have a slow metabolism.
You can spit poison.


   Skills:
 - Level 1.0 Short Blades
 - Level 1.5 Dodging
 + Level 6.8 Stealth
 - Level 2.0 Spellcasting
 * Level 5.6 Hexes
 + Level 2.7 Ice Magic


You couldn't memorise any spells.
You knew the following spells:

 Your Spells              Type           Power        Failure   Level  Hunger
a - Corona                Hex            ###....      4%          1    #......
c - Confuse               Hex            ###.....     14%         3    ###....
s - Ensorcelled Hibernat  Hex/Ice        ###...       13%         2    ###....
x - Tukima's Dance        Hex            ###.....     14%         3    ###....

Your spell library contained the following spells:

 Spells                   Type           Power        Failure   Level  Hunger
 Magic Dart               Conj           #...         43%         1    #......
 Conjure Flame            Conj/Fire      #.......     80%         3    ###....
 Slow                     Hex            ###.....     7%          2    ###....
 Mephitic Cloud           Conj/Pois/Air  #.......     80%         3    ###....
 Blink                    Tloc           N/A          56%         2    ###....
 Freeze                   Ice            ##..         16%         1    #......
 Call Imp                 Summ           #.......     56%         2    ###....
 Dazzling Spray           Conj/Hex       ##....       41%         3    ###....

Inventory:

Hand Weapons
 a - a +1 dagger of draining (weapon)
   (You took it off an orc wizard on level 3 of the Dungeon)
 b - a +1 short sword of electrocution
   (You took it off a kobold in a sewer)
 w - a +0 blowgun {@w1}
   (You took it off a kobold in a sewer)
Missiles
 f - 76 stones (quivered)
 t - 3 throwing nets {=f}
 E - 3 poisoned needles
Armour
 m - a cursed +0 ring mail (worn)
   (You found it on level 1 of the Dungeon)
 B - a +0 pair of gloves (worn)
   (You found it on level 3 of the Dungeon)
 H - the +2 ring mail of Moral Flaws {+Inv Str+6, unknown}
   (You found it in a sewer)

   It affects your strength (+6).
   It lets you turn invisible.
Wands
 d - a wand of digging (18)
   (You found it on level 3 of the Dungeon)
 y - a wand of flame (51) {@v1}
   (You found it on level 2 of the Dungeon)
Scrolls
 i - 4 scrolls of teleportation {unknown}
 k - a scroll of identify {@r1}
 l - a scroll of noise {unknown}
 x - a scroll of amnesia {unknown}
 I - a scroll of magic mapping {unknown}
Potions
 e - 2 potions of haste {unknown}
 o - 6 potions of agility
 p - 3 potions of flight
 q - a potion of mutation {unknown}
 v - 3 potions of curing {unknown}
 z - 4 potions of heal wounds {@q2}
 D - 2 potions of might {unknown}
 G - a potion of brilliance {unknown}
Comestibles
 J - 8 chunks of flesh
 K - 5 rations {@e1}

Dungeon Overview and Level Annotations

Branches:
Dungeon (3/15)

Altars:
Gozag
Sif Muna
Uskayaw
Zin

.♣ ♣......♣ ♣♣
♣.♣ ♣ ♣♣)♣
♣♣♣)♣♣ ♣♣♣..♣♣
♣♣..♣♣♣ ..♣♣♣
♣♣♣ #######.# ♣
#...@O..#
#.#######
#############)#
..............#
###############


You could see a two-headed ogre.


Message History

Aiming: Confuse (safe; 16% risk of failure)
Press: ? - help, Shift-Dir - straight line, f - orc wizard
Aim: an orc wizard, wielding a dagger and wearing a robe (resting, chance to defeat MR: 50%)
The orc wizard appears confused.
The orc wizard asks, "Who are you?"
The orc wizard falls into the water!
The orc wizard drowns.
You hear a splash. x2
You now have 6/9 mp.
Okay, then.
As you read the scroll labeled OTHEAN MEERE, it crumbles to dust.
It is a scroll of identify.
z - 4 potions of heal wounds
As you read the scroll of identify {@r1}, it crumbles to dust.
o - 6 potions of agility
As you read the scroll of identify {@r1}, it crumbles to dust.
p - 4 potions of flight
Okay, then.
You feel very buoyant.
You fly up into the air.
There is an open door here.
The helpless orc wizard fails to defend itself.
You impale the orc wizard!!
You kill the orc wizard!
Things that are here:
a dagger of draining; a robe; an orc corpse
K - a dagger of draining You butcher the orc corpse.
J - 12 chunks of flesh (gained 4)
You see here a robe.
You pick up Sif Muna's Papyrus of Cold and begin reading...
You add the spell Freeze to your library.
There is an escape hatch in the floor here.
Careful!
You are starting to lose your buoyancy.
MP restored: 9 You aren't carrying any pieces of jewellery.
Unknown command.
Wield which item (- for none, * to show all)? (? for menu, Esc to quit)
Your +2 dagger of venom stops dripping with poison.
You sense an unholy aura.
K - a +1 dagger of draining (weapon)
Adjust (i)tems, (s)pells, or (a)bilities?
Adjust which item? (? for menu, Esc to quit)
K - a +1 dagger of draining (weapon)
Adjust to which letter? (? for menu, Esc to quit)
a - a +1 dagger of draining (weapon);
K - a +2 dagger of venom Adjust (i)tems, (s)pells, or (a)bilities?
Adjust which item? (? for menu, Esc to quit)
Okay, then.
Drop what? 26/52 slots (_ for help) (? for menu, Esc to quit)
You drop a +2 dagger of venom.
You float gracefully downwards.
There is an open door here.
There is a deep blue altar of Sif Muna here.
Eating one of 12 chunks of flesh.
You eat one of the 12 chunks of flesh.
This raw flesh tastes terrible.
d - a wand of digging (18);
K - 5 rations {@e1}
Things that are here:
a hand axe; a club Some of the chunks of flesh in your inventory have rotted away.
You see here a trident.
A two-headed ogre comes into view. It is wielding two giant clubs.
Some of the chunks of flesh in your inventory have rotted away.
Found an escape hatch in the ceiling.
The helpless two-headed ogre fails to defend itself.
You impale the two-headed ogre!!
The two-headed ogre is heavily wounded.
The two-headed ogre hits you with a giant club!!
Ouch! That really hurt!
The two-headed ogre hits you with a giant club.
* * * LOW HITPOINT WARNING * * *
You take 34 damage, and have 15/49 hp.
MASSIVE DAMAGE!!
Casting: Confuse (safe; 14% risk of failure)
Confirm with . or Enter, or press ? or * to list all spells.
Aiming: Tukima's Dance (safe; 14% risk of failure)
Press: ? - help, Shift-Dir - straight line, f - two-headed ogre
Aim: a two-headed ogre, wielding two giant clubs (heavily wounded, chance to defeat MR: 41%)
You miscast Tukima's Dance.
You are very lightly contaminated with residual magic.
The light around you dims momentarily.
You now have 6/9 mp.
Casting: Tukima's Dance (safe; 14% risk of failure)
Confirm with . or Enter, or press ? or * to list all spells.
Aiming: Tukima's Dance (safe; 14% risk of failure)
Press: ? - help, Shift-Dir - straight line, f/p - two-headed ogre
Aim: a two-headed ogre, wielding two giant clubs (heavily wounded, chance to defeat MR: 41%)
The two-headed ogre resists with some effort.
The two-headed ogre hits you with a giant club!
* * * LOW HITPOINT WARNING * * *
The two-headed ogre barely misses you.
You take 6 damage, and have 9/49 hp.
You now have 3/9 mp.
Unknown command.
Casting: Tukima's Dance (safe; 14% risk of failure)
Confirm with . or Enter, or press ? or * to list all spells.
Aiming: Confuse (safe; 14% risk of failure)
Press: ? - help, Shift-Dir - straight line, f/p - two-headed ogre
Aim: a two-headed ogre, wielding two giant clubs (heavily wounded, chance to defeat MR: 32%)
The two-headed ogre easily resists.
The two-headed ogre hits you with a giant club!
You die...

Skill      XL: |  1  2  3  4  5 |
---------------+----------------+-----
Stealth        | 5 6 |  6.8
Hexes          | 4 5 |  5.6
Ice Magic      | 1 2 |  2.7
Short Blades   | |  1.0
Dodging        | |  1.5
Spellcasting   | |  2.0

Action                   |  1- 3 |  4- 6 || total
-------------------------+-------+-------++-------
Melee: Dagger            |    75 |   152 ||   227
       Short sword       |       |     6 ||     6
 Cast: Ensorcelled Hiber |     5 |    23 ||    28
       Confuse           |       |     2 ||     2
       Tukima's Dance    |       |     1 ||     1
 Abil: Spit Poison       |    22 |     8 ||    30
  Use: Scroll            |       |     3 ||     3
       Potion            |       |     1 ||     1
 Stab: Sleeping          |     3 |    20 ||    23
  Eat: Chunk             |     2 |     8 ||    10
Armor: Ring mail         |    25 |    93 ||   118
       Leather armour    |     3 |       ||     3
Dodge: Dodged            |    43 |    89 ||   132

Vault maps used:
D:1:      scummos_arrival_gate, minmay_tripent
D:2:      grunt_temple_overflow_gold_and_silver, eat_drink_and_be_merry_uskayaw
D:3:      kb_forest_paths, gup_sewer_entry_bubbles, led_sif_book
Sewer:    kennysheep_pipe_town

Notes
Turn   | Place    | Note
-------+----------+-------------------------------------------
     0 | D:1      | MrSplat the Naga Enchanter began the quest for the Orb.
     0 | D:1      | Reached XP level 1. HP: 15/15 MP: 3/3
   112 | D:1      | Reached XP level 2. HP: 22/22 MP: 5/5
   218 | D:1      | Learned a level 2 spell: Ensorcelled Hibernation
   550 | D:1      | Reached skill level 5 in Stealth
   550 | D:1      | Reached XP level 3. HP: 27/28 MP: 6/6
   558 | D:1      | Learned a level 3 spell: Confuse
   810 | D:2      | HP: 6/28 [adder (4)]
   812 | D:2      | Reached skill level 4 in Hexes
   816 | D:2      | HP: 4/28 [poisoned by an adder]
   822 | D:2      | HP: 3/28 [poisoned by an adder]
  1112 | D:2      | Found a glowing silver altar of Zin.
  1112 | D:2      | Found an opulent altar of Gozag.
  1122 | D:2      | Reached skill level 1 in Ice Magic
  1255 | D:2      | Reached XP level 4. HP: 36/36 MP: 2/7
  1377 | D:2      | Found a hide-covered altar of Uskayaw.
  1951 | D:3      | Reached XP level 5. HP: 28/42 MP: 3/8
  2137 | D:3      | Found a glowing drain.
  2145 | D:3      | Reached skill level 6 in Stealth
  2162 | Sewer    | Entered a sewer
  2462 | Sewer    | Reached skill level 2 in Ice Magic
  2490 | Sewer    | Noticed a big kobold
  2496 | Sewer    | Killed a big kobold
  2496 | Sewer    | Reached skill level 5 in Hexes
  2496 | Sewer    | Reached XP level 6. HP: 29/49 MP: 6/9
  2713 | Sewer    | Got a jewelled ring mail
  2787 | D:3      | Learned a level 3 spell: Tukima's Dance
  2901 | D:3      | Found a deep blue altar of Sif Muna.
  2925 | D:3      | Identified Sif Muna's Papyrus of Cold
  3000 | D:3      | Noticed a two-headed ogre
  3006 | D:3      | HP: 9/49 [two-headed ogre/giant club (7)]
  3007 | D:3      | Slain by a two-headed ogre

Vanquished Creatures
  A big kobold (Sewer)
  A hound (D:3)
  2 orc wizards (D:3)
  A gnoll (D:3)
  A river rat (D:3)
  7 adders
  3 oozes
  3 worms
  3 dart slugs
  3 leopard geckos
  An orc (D:3)
  12 bats
  5 giant cockroaches
  9 goblins
  5 hobgoblins
  A jackal (D:3)
  A quokka (D:3)
  2 ball pythons
  5 frilled lizards
  22 kobolds
  11 rats
99 creatures vanquished.

Table legend:
 A = Turns spent in this place as a percentage of turns spent in the entire game.
 B = Non-inter-level travel turns spent in this place as a percentage of non-inter-level travel turns spent in the entire game.
 C = Inter-level travel turns spent in this place as a percentage of turns spent in this place.
 D = Turns resting spent in this place as a percentage of non-inter-level travel turns spent in this place.
 E = Turns spent auto-exploring this place as a percentage of non-inter-level travel turns spent in this place.
 F = Non-inter-level travel turns spent in this place divided by the number of levels of this place that you've seen.
                   A       B       C       D       E      F
               +-------+-------+-------+-------+-------+----------------------
         Total | 100.0 | 100.0 |   5.6 |  25.2 |  36.9 | 710.0
       Dungeon |  81.2 |  80.1 |   6.8 |  21.9 |  39.0 | 758.0
         Sewer |  18.8 |  19.9 |   0.0 |  38.7 |  28.6 | 566.0
               +-------+-------+-------+-------+-------+----------------------

Table legend:
 A = Non-vault XP
 B = Vault XP
 C = Vault XP percentage of total XP
 D = Non-vault monster count
 E = Vault monster count
 F = Vault count percentage of total count
 G = Total turns spent on level
                 A         B        C        D         E       F
            +---------+---------+-------+---------+---------+-------
      Total |     212 |     298 |  58.4 |      58 |      41 |  41.4
            +---------+---------+-------+---------+---------+-------
        D:1 |      52 |       5 |   8.8 |      28 |       2 |   6.7
        D:2 |      73 |       0 |   0.0 |      14 |       0 |   0.0
        D:3 |      87 |     155 |  64.0 |      16 |      15 |  48.4
      Sewer |       0 |     138 | 100.0 |       0 |      24 | 100.0
            +---------+---------+-------+---------+---------+-------
